 Dungeon Crawl Stone Soup version 0.27-a0-1232-gc6a4cbde82 (webtiles) character file.

Game seed: 7047877051414660361

159 mordus the Cudgeller (level 5, 0/53 HPs)
             Began as a Troll Monk on June 8, 2021.
             Slain by a gnoll
             ... wielding a +0 halberd
              (9 damage)
             ... on level 3 of the Dungeon.
             The game lasted 00:02:54 (2072 turns).

mordus the Cudgeller (Troll Monk)                   Turns: 2072, Time: 00:02:55

Health: 0/53       AC:  4    Str: 19    XL:     5   Next: 17%
Magic:  4/4        EV: 10    Int:  6    God:
Gold:   111        SH:  0    Dex: 13    Spells: 4/4 levels left

rFire    . . .     SeeInvis .   a - +0 mace
rCold    . . .     Faith    .   (no shield)
rNeg     . . .     Spirit   .   b - +0 robe
rPois    .         Reflect  .   (helmet restricted)
rElec    .         Harm     .   (no cloak)
rCorr    .         Rampage  .   (gloves unavailable)
Will     .....                  (boots unavailable)
Stlth    ++........             (no amulet)
HPRegen  1.17/turn              (no ring)
MPRegen  0.09/turn              (no ring)

@: no status effects
A: large, unfitting armour, claws 3, regeneration 1, shaggy fur 1, tough skin 1
a: no special abilities


You were on level 3 of the Dungeon.
You visited 1 branch of the dungeon, and saw 3 of its levels.

You collected 123 gold pieces.
You spent 12 gold pieces at shops.

Inventory:

Hand Weapons
 a - a +0 mace (weapon)
Missiles
 k - 7 poisoned darts (quivered)
Armour
 b - a +0 robe (worn)
Scrolls
 d - a scroll of noise {unknown}
 e - a scroll of amnesia {unknown}
 f - a scroll of summoning
 i - a scroll of blinking {unknown}
 j - 2 scrolls of identify {unknown}
Potions
 c - 2 potions of curing
 g - a potion of flight {unknown}
 h - a potion of heal wounds {unknown}


   Skills:
 + Level 3.4 Fighting
 * Level 4.7 Maces & Flails
 - Level 2.4 Dodging
 - Level 1.0 Stealth


You had 4 spell levels left.
You didn't know any spells.
Your spell library was empty.

Dungeon Overview and Level Annotations

Branches:
Dungeon (3/15)

Altars:

Shops:
D:1 *   D:3 [


Innate Abilities, Weirdness & Mutations

You are too large for most types of armour.
You have claws for hands.
Your natural rate of healing is unusually fast.
You are covered in fur. (AC +1)
You have tough skin. (AC +1)


Message History

A gnoll comes into view. It is wielding a +0 spear.
The gnoll shouts!
The gnoll misses you.
You barely miss the gnoll.
The gnoll hits you from afar with a +0 halberd!
The gnoll hits you with a +0 spear.
* * * LOW HITPOINT WARNING * * *
You thump the gnoll!
The gnoll is heavily wounded.
The gnoll barely misses you. The gnoll hits you with a +0 spear.
* * * LOW HITPOINT WARNING * * *
The gnoll hits you from afar with a +0 halberd.
* * * LOW HITPOINT WARNING * * *
The gnoll misses you.
The gnoll hits you from afar with a +0 spear.
* * * LOW HITPOINT WARNING * * *
Things that are here:
a hound corpse; a hobgoblin corpse A gnoll comes into view.
It is wielding a +0 spear.
You see here a bat corpse.
You see here a bat corpse.
The gnoll hits you with a +0 spear.
You hit the gnoll.
The gnoll is almost dead.
The gnoll hits you with a +0 spear.
You hit the gnoll but do no damage.
The gnoll is almost dead.
The gnoll barely misses you. x2
You hit the gnoll.
The gnoll is almost dead.
The gnoll closely misses you. The gnoll barely misses you.
You thump the gnoll!
You kill the gnoll!
The gnoll hits you from afar with a +0 halberd! x2
The gnoll hits you with a +0 spear.
* * * LOW HITPOINT WARNING * * *
The gnoll hits you from afar with a +0 spear!
* * * LOW HITPOINT WARNING * * *
The gnoll hits you with a +0 halberd!
You die...

#.# ##.## #.# ### #...# #.# #..
... #.### #.# ... #...# #.# #.#
#.#.# #.# #.# ####.#.####
#.#######.#########
###....#....###..g..)............
#.....#####..##.@########.######
#......#......#...## #†#
#......#..........g######.##
#......#.##................#
#..................######g.#
##..#.#...........#######g.#
#†.#.######.###....gg.†...#
#.....# #.# #.#########.#
#.....### #.# #.# #.#


You could see 2 gnolls.

Vanquished Creatures
  A water moccasin skeleton (D:2)
  A hound (D:3)
  Robin (D:2)
  A gnoll (D:3)
  An ufetubus (D:3)
  A dart slug (D:2)
  4 bats
  5 endoplasms
  2 giant cockroaches
  11 goblins
  5 hobgoblins
  2 jackals (D:3)
  7 kobolds
  A quokka (D:3)
  2 ball pythons
  3 frilled lizards
  3 rats
51 creatures vanquished.

Vanquished Creatures (others)
  A plant (D:1)
1 creature vanquished.

Grand Total: 52 creatures vanquished

Notes
Turn   | Place    | Note
-------+----------+-------------------------------------------
     0 | D:1      | mordus the Troll Monk began the quest for the Orb.
     0 | D:1      | Reached XP level 1. HP: 22/22 MP: 0/0
   239 | D:1      | Reached skill level 3 in Maces & Flails
   300 | D:1      | Reached XP level 2. HP: 24/29 MP: 1/1
   366 | D:1      | Found Neikleopt's General Store.
   374 | D:1      | Bought a potion of degeneration for 12 gold pieces
   556 | D:1      | Found a faded altar of an unknown god.
  1181 | D:2      | Reached XP level 3. HP: 36/36 MP: 2/2
  1228 | D:2      | Noticed Robin
  1245 | D:2      | Killed Robin
  1335 | D:2      | Reached skill level 4 in Maces & Flails
  1335 | D:2      | Reached XP level 4. HP: 38/45 MP: 3/3
  1736 | D:3      | Found Tixablo's Antique Armour Boutique.
  1987 | D:3      | Reached XP level 5. HP: 31/53 MP: 4/4
  2072 | D:3      | Slain by a gnoll

Illustrated notes

Levels and vault maps discovered:
D:1:      dpeg_arrival_court, layout_loops_corners, serial_shops, shop,
          hellmonk_ecumenical_altar_slurped_away, nrook_loot_triangle,
          serial_bayou_lagoon_a
D:2:      layout_basic, uniq_robin
D:3:      layout_loops_ring, serial_shops, shop, uniq_natasha

Skill      XL: |  1  2  3 |
---------------+----------+-----
Maces & Flails | 3 4 |  4.7
Fighting       | 3 |  3.4
Dodging        | |  2.4
Stealth        | |  1.0

Action                   |  1- 3 |  4- 6 || total
-------------------------+-------+-------++-------
Melee: Mace              |   105 |    64 ||   169
  Use: Potion            |     1 |       ||     1
Armor: Robe              |    34 |    31 ||    65
Dodge: Dodged            |    44 |    43 ||    87

Table legend: (Time is in decaauts)
 A = Elapsed time spent in this place.
 B = Non-inter-level travel time spent in this place.
 C = Inter-level travel time spent in this place.
 D = Time resting spent in this place.
 E = Time spent auto-exploring this place.
 F = Levels seen in this place.
 G = Mean time per level.
                   A        B        C        D        E       F      G
               +--------+--------+--------+--------+--------+-----+--------+
         Total |   2113 |   2077 |     36 |     18 |   1652 |   3 |  704.3 |
       Dungeon |   2113 |   2077 |     36 |     18 |   1652 |   3 |  704.3 |
               +--------+--------+--------+--------+--------+-----+--------+

Top non-repeatable levels by time:
     D:1: 1118 daAuts
     D:2: 620 daAuts
     D:3: 375 daAuts
